 Dungeon Crawl Stone Soup version 0.20.1-1-g8b1a95d (webtiles) character file.

2004 Folque the Destroyer (level 9, -3/51 HPs)
             Began as a Tengu Conjurer on Nov 1, 2017.
             Was a Believer of Sif Muna.
             Slain by an orc warrior
             ... wielding a +0 glaive
              (27 damage)
             ... on level 7 of the Dungeon.
             The game lasted 00:38:50 (8009 turns).

Folque the Destroyer (Tengu Conjurer)               Turns: 8009, Time: 00:38:51

Health: -3/51      AC:  9    Str:  9    XL:     9   Next: 22%
Magic:  6/19       EV: 12    Int: 18    God:    Sif Muna [**....]
Gold:   462        SH:  0    Dex: 15    Spells: 6/20 levels left

rFire    . . .     SeeInvis .   t - +3 scythe (flame)
rCold    . . .     Gourm    .   (shield currently unavailable)
rNeg     . . .     Faith    .   s - +2 leather armour {MR+}
rPois    .         Spirit   .   (helmet restricted)
rElec    .         Reflect  .   E - +2 cloak
rCorr    .         Harm     .   (no gloves)
MR       ++...                  (boots unavailable)
Stlth    ++........             (no amulet)
Regen    0.2/turn               q - ring of protection from magic
MPRegen  0.2/turn               (no ring)

@: no status effects
A: beak, talons 3, able to fly 1
a: Fly, Divine Energy, Renounce Religion


You were on level 7 of the Dungeon.
You worshipped Sif Muna.
Sif Muna was pleased with you.
You were not hungry.

You visited 2 branches of the dungeon, and saw 8 of its levels.
You also visited: Ossuary.

You collected 462 gold pieces.

Inventory:

Hand Weapons
 f - a +0 club
 h - a +0 spear
 t - a +3 scythe of flaming (weapon)
 u - a +0 dagger of draining
Armour
 a - a +0 robe
 s - a +2 leather armour of magic resistance (worn)
 E - a +2 cloak (worn)
Jewellery
 q - a ring of protection from magic (left hand)
Wands
 F - a wand of confusion (29/48)
 H - a wand of digging (16/24)
Scrolls
 d - 6 scrolls of identify
 i - 4 scrolls of remove curse
 l - 4 scrolls of teleportation
 m - 3 scrolls of enchant armour
 p - a scroll of amnesia
 r - a scroll of summoning {unknown}
 y - 2 scrolls of enchant weapon
 G - a scroll of immolation {unknown}
Potions
 e - 2 potions of might
 g - 4 potions of curing
 j - a potion of brilliance {unknown}
 n - 2 potions of resistance
 o - 2 potions of ambrosia {unknown}
 v - a potion of haste {unknown}
 w - 3 potions of mutation {unknown}
 x - a potion of degeneration {unknown}
 z - 2 potions of lignification {unknown}
 B - 2 potions of heal wounds {unknown}
 C - 2 potions of cancellation {unknown}
 D - 2 potions of flight {unknown}
Books
 b - a book of Conjurations

   Spells                             Type                      Level
   a - Magic Dart                     Conjuration                  1
   b - Searing Ray                    Conjuration                  2
   c - Dazzling Spray                 Conjuration/Hexes            3
   d - Fulminant Prism                Conjuration/Hexes            4
   e - Force Lance                    Conjuration/Translocation    4
   f - Iskenderun's Mystic Blast      Conjuration                  4
 I - a book of Cantrips

   Spells                             Type                      Level
   a - Confusing Touch                Hexes                        1
   b - Animate Skeleton               Necromancy                   1
   c - Summon Small Mammal            Summoning                    1
   d - Apportation                    Translocation                1
Comestibles
 c - 5 bread rations
 k - 4 meat rations


   Skills:
 - Level 3.2 Fighting
 * Level 6.2 Armour
 - Level 2.1 Dodging
 - Level 2.0 Stealth
 + Level 6.0 Spellcasting
 + Level 10.8 Conjurations


You had 6 spell levels left.
You knew the following spells:

 Your Spells              Type           Power        Failure   Level  Hunger
a - Magic Dart            Conj           ####         1%          1    None
b - Searing Ray           Conj           #####.       1%          2    None
c - Dazzling Spray        Conj/Hex       ###...       4%          3    ##.....
d - Iskenderun's Mystic   Conj           #####...     1%          4    ####...
e - Force Lance           Conj/Tloc      ###.....     17%         4    ####...


Dungeon Overview and Level Annotations

Branches:
Dungeon (7/15)             Temple (1/1) D:5

Altars:
Ashenzari
Cheibriados
Dithmenos
Elyvilon
Gozag
Hepliaklqana
Kikubaaqudgha
Nemelex Xobeh
Okawaru
Qazlal
Ru
Sif Muna
Trog
Uskayaw
Vehumet
Xom
Yredelemnul
Zin
The Shining One

Shops:
D:6 }


Innate Abilities, Weirdness & Mutations

You have a beak for a mouth.
You have claws for feet.
You can fly.


Message History

The orc warrior is almost dead.
You finish channeling your searing ray.
The orc warrior barely misses you.
Attack whom?
Press: ? - help, Dir - move target cursor, f/p - orc warrior
Aim: an orc warrior, wielding a glaive and wearing a plate armour (almost dead, blind)
You reach to attack!
You closely miss the orc warrior.
The orc warrior is almost dead.
The orc warrior is no longer blind.
The orc warrior hits you from afar with a glaive! x2
Attack whom?
Press: ? - help, Dir - move target cursor, f/p - orc warrior
Aim: an orc warrior, wielding a glaive and wearing a plate armour (almost dead)
You reach to attack!
You hit the orc warrior but do no damage.
The orc warrior is almost dead.
The orc warrior hits you from afar with a glaive!
You feel better.
The orc warrior hits you from afar with a glaive!!
Ouch! That really hurt!
You die...

#####..........#....#######
#..........#.##........
#..........#.##.#######
#############..............
....<............##.########.#
####.............#...........
...#.###.............<...###
##.#.# #.######..........#
#.#.# #.# ###.@........# #.#.#
### #......).....# #.#.#
#.#...o......# #.#.#
#.#..........# #.#.#
#.#..........###.# #.#.#
#.####.##........# ##### ##
######'###### #.# #####.#


You could see an orc warrior.

Vanquished Creatures
  Sigmund (D:3)
  Eustachio (D:4)
  A sky beast (D:7)
  2 centaurs
  3 ogres
  2 bullfrogs (D:6)
  A scorpion (D:4)
  A water moccasin skeleton (D:7)
  A human zombie (Ossuary)
  3 crimson imps (D:5)
  5 centaur zombies
  3 hounds
  An orc wizard (D:3)
  2 bullfrog skeletons
  An orc priest (D:7)
  A jelly (D:5)
  2 worker ants
  3 big kobold zombies (Ossuary)
  A hound zombie (Ossuary)
  4 mummies
  4 gnolls (D:4)
  7 adders
  A shadow imp (D:6)
  4 oozes
  3 adder zombies (Ossuary)
  2 worms (D:2)
  A dart slug (D:1)
  4 leopard geckos
  21 orcs
  6 giant cockroaches
  A gnoll zombie (Ossuary)
  5 goblins
  7 hobgoblins
  17 jackals
  A quokka (D:4)
  6 bats
  6 frilled lizards
  7 goblin zombies (Ossuary)
  2 hobgoblin zombies (Ossuary)
  2 jackal zombies (Ossuary)
  8 kobolds
  5 kobold zombies (Ossuary)
  3 quokka zombies (Ossuary)
  13 rats
  3 rat zombies (Ossuary)
178 creatures vanquished.

Notes
Turn   | Place    | Note
-------+----------+-------------------------------------------
     0 | D:1      | Folque the Tengu Conjurer began the quest for the Orb.
     0 | D:1      | Reached XP level 1. HP: 10/10 MP: 4/4
   175 | D:1      | Reached skill level 1 in Fighting
   175 | D:1      | Reached XP level 2. HP: 16/16 MP: 1/6
   452 | D:1      | Learned a level 2 spell: Searing Ray
  1235 | D:1      | Reached XP level 3. HP: 16/21 MP: 2/7
  1625 | D:2      | Found a deep blue altar of Sif Muna.
  1633 | D:2      | Became a worshipper of Sif Muna the Loreminder
  1806 | D:2      | Reached XP level 4. HP: 24/27 MP: 1/9
  2581 | D:2      | Learned a level 3 spell: Dazzling Spray
  2666 | D:3      | Gained mutation: You can fly. [Tengu growth]
  2666 | D:3      | Reached XP level 5. HP: 32/32 MP: 2/10
  2898 | D:3      | Reached skill level 6 in Conjurations
  3230 | D:3      | Noticed Sigmund
  3248 | D:3      | Killed Sigmund
  3248 | D:3      | Reached * piety under Sif Muna
  3248 | D:3      | Reached skill level 7 in Conjurations
  3248 | D:3      | Reached XP level 6. HP: 22/37 MP: 2/12
  3604 | D:4      | Reached skill level 8 in Conjurations
  3790 | D:3      | Reached XP level 7. HP: 25/41 MP: 14/14
  4237 | D:4      | Noticed Eustachio
  4245 | D:4      | Killed Eustachio
  4245 | D:4      | Reached skill level 9 in Conjurations
  4910 | D:4      | Reached ** piety under Sif Muna
  4964 | D:5      | Entered Level 5 of the Dungeon
  5004 | D:5      | Reached XP level 8. HP: 46/46 MP: 12/16
  5014 | D:5      | Reached skill level 1 in Armour
  5181 | D:5      | Found a staircase to the Ecumenical Temple.
  5194 | Temple   | Entered the Ecumenical Temple
  5383 | D:5      | Reached skill level 5 in Spellcasting
  5389 | D:5      | Learned a level 4 spell: Iskenderun's Mystic Blast
  5394 | D:5      | Learned a level 4 spell: Force Lance
  6016 | D:6      | Found a sand-covered staircase.
  6065 | Ossuary  | Entered an ossuary
  6318 | Ossuary  | Reached skill level 10 in Conjurations
  7031 | D:6      | Found Bear's Gadget Emporium.
  7059 | D:6      | Found a hide-covered altar of Uskayaw.
  7059 | D:6      | Found a glowing silver altar of Zin.
  7247 | D:6      | Reached skill level 5 in Armour
  7321 | D:6      | Reached XP level 9. HP: 31/51 MP: 18/18
  7533 | D:7      | Found a bloodstained altar of Trog.
  8009 | D:7      | Slain by an orc warrior

Skill      XL: |  1  2  3  4  5  6  7  8  9 |
---------------+----------------------------+-----
Fighting       | 1 2 3 |  3.2
Spellcasting   | 3 4 5 6 |  6.0
Conjurations   | 7 8 9 10 | 10.8
Armour         | 5 6 |  6.2
Dodging        | |  2.1
Stealth        | |  2.0

Action                   |  1- 3 |  4- 6 |  7- 9 || total
-------------------------+-------+-------+-------++-------
Melee: Unarmed           |     4 |       |       ||     4
       Spear             |    44 |    16 |       ||    60
       Peck              |     4 |    12 |    18 ||    34
       Kick              |     3 |    17 |    30 ||    50
       Dagger            |       |    38 |       ||    38
       Scythe            |       |    17 |   163 ||   180
Throw: Throwing net      |       |     2 |       ||     2
 Cast: Magic Dart        |    42 |    39 |    71 ||   152
       Searing Ray       |     3 |    13 |    25 ||    41
       Dazzling Spray    |       |     7 |    25 ||    32
       Iskenderun's Myst |       |       |     3 ||     3
       Force Lance       |       |       |     1 ||     1
  Use: Scroll            |     1 |       |     8 ||     9
       Potion            |       |     2 |     2 ||     4
 Stab: Sleeping          |     1 |     2 |     3 ||     6
       Distracted        |       |     1 |       ||     1
  Eat: Chunk             |     3 |     8 |    10 ||    21
       Fruit             |       |       |     2 ||     2
       Bread ration      |       |       |     1 ||     1
Armor: Robe              |     8 |    10 |     2 ||    20
       Leather armour    |       |       |    75 ||    75
Dodge: Dodged            |    26 |    51 |   153 ||   230
